 Dungeon Crawl Stone Soup version 0.19.0-24-gb05acd6 (console) character file.

17 Jesseh the Digger (level 2, -2/15 HPs)
             Began as a Gargoyle Earth Elementalist on Nov 20, 2016.
             Slain by a hobgoblin
             ... wielding a +0 club
              (3 damage)
             ... on level 1 of the Dungeon.
             The game lasted 00:04:44 (423 turns).

Jesseh the Digger (Gargoyle Earth Elementalist)      Turns: 423, Time: 00:04:45

Health: -2/15      AC:  4    Str: 11    XL:     2   Next: 62%
Magic:  0/5        EV: 12    Int: 15    God:
Gold:   51         SH:  0    Dex: 10    Spells: 1 memorised, 5 levels left

rFire  . . .     SeeInvis .     f - +0 dagger
rCold  . . .     Gourm    .     c - +0 robe
rNeg   + . .     Faith    .     (no shield)
rPois  ∞         Spirit   .     (no helmet)
rElec  +         Reflect  .     (no cloak)
rCorr  .         Harm     .     (no gloves)
MR     .....                    (no boots)
Stlth  ++........               (no amulet)
                                (no ring)
                                (no ring)

@: no status effects
A: negative energy resistance 1, electricity resistance, unbreathing,
petrification resistance, rot immunity, AC +2
a: no special abilities


You were on level 1 of the Dungeon.
You were not hungry.

You visited 1 branch of the dungeon, and saw 1 of its levels.

You collected 51 gold pieces.

Inventory:

Hand Weapons
 f - a +0 dagger (weapon)
   (You took it off a kobold on level 1 of the Dungeon)
Missiles
 b - 44 stones (quivered)
Armour
 c - a +0 robe (worn)
 i - a +0 robe
   (You found it on level 1 of the Dungeon)
Scrolls
 g - 2 scrolls of remove curse {unknown}
Books
 e - a book of Geomancy
Comestibles
 a - a meat ration
 d - 2 bread rations
 h - 2 chunks of flesh


   Skills:
 - Level 1.5 Dodging
 - Level 2.1 Stealth
 * Level 2.7 Spellcasting
   Level 0.7 Transmutations
 + Level 3.9 Earth Magic


You had 5 spell levels left.
You knew the following spells:

 Your Spells              Type           Power        Failure   Level  Hunger
a - Sandblast             Erth           ##....       4%          1    #......


Dungeon Overview and Level Annotations

Branches:
Dungeon (1/15)

Altars:


Innate Abilities, Weirdness & Mutations

You are resistant to torment.
Your stone body is resilient. (AC +2)
You are immune to poison.
You resist negative energy. (rN+)
You are resistant to electric shocks. (rElec)
You can survive without breathing.
You are immune to petrification.
You are immune to rotting.


Message History

There is an open door here.
Things that are here:
a club; a leopard gecko corpse You butcher the leopard gecko corpse.
h - 2 chunks of flesh
There is an open door here.
Things that are here:
a club; a leopard gecko skeleton There isn't anything to butcher here.
g - 2 scrolls labeled CUCSYN ERCHO (gained 1)
You see here a robe.
i - a robe
b - 44 stones (gained 20)
A leopard gecko comes into view.
The leopard gecko hisses angrily.
A hobgoblin comes into view.
Aim: a leopard gecko (clinging)
The blast of sand hits the leopard gecko.
You kill the leopard gecko!
The hobgoblin shouts!
You hear a shout!
You hear an angry hiss. x2
Aim: a hobgoblin The blast of sand hits the hobgoblin.
Aim: a hobgoblin The blast of sand hits the hobgoblin.
The hobgoblin hits you but does no damage.
A hobgoblin comes into view. It is wielding a club.
You hit the hobgoblin but do no damage.
The hobgoblin hits you but does no damage.
You don't have enough magic to cast that spell.
Unknown command.
Here: a hobgoblin (severely wounded) 14 gold pieces.
The floor.
You barely miss the hobgoblin. The hobgoblin hits you.
Here: a hobgoblin (severely wounded) 14 gold pieces.
The floor.
You hit the hobgoblin.
The hobgoblin hits you but does no damage.
The hobgoblin barely misses you.
Here: a hobgoblin (almost dead) 14 gold pieces.
The floor, spattered with blood.
You hit the hobgoblin.
You kill the hobgoblin!
The hobgoblin barely misses you.
Aim: a hobgoblin, wielding a club The blast of sand hits the hobgoblin.
The hobgoblin hits you with a club.
You don't have enough magic to cast that spell.
Unknown command.
You hit the hobgoblin but do no damage. The hobgoblin barely misses you.
You closely miss the hobgoblin. The hobgoblin barely misses you.
You hit the hobgoblin. The hobgoblin hits you with a club.
A bat comes into view.
You hit the hobgoblin but do no damage. The hobgoblin hits you with a club.
A frilled lizard and a ball python come into view.
The frilled lizard hisses angrily.
You hit the hobgoblin. The bat hits you but does no damage.
You barely miss the hobgoblin. The bat misses you.
The hobgoblin hits you with a club.
* * * LOW HITPOINT WARNING * * *
The bat closely misses you. The bat hits you but does no damage.
The bat barely misses you.
There is an open door here.
Things that are here:
a club; a leopard gecko skeleton The bat hits you.
* * * LOW HITPOINT WARNING * * *
Okay, then.
You barely miss the bat. The bat closely misses you.
The bat hits you but does no damage. The bat closely misses you.
The bat hits you but does no damage.
You hit the bat.
You kill the bat!
Aim: a hobgoblin, wielding a club (moderately wounded)
The blast of sand hits the hobgoblin.
The hobgoblin hits you but does no damage.
You completely miss the hobgoblin. The hobgoblin barely misses you.
Aim: a hobgoblin, wielding a club (severely wounded)
The blast of sand misses the hobgoblin.
The hobgoblin barely misses you.
You see here 21 arrows.
You open the door. The hobgoblin hits you with a club.
* * * LOW HITPOINT WARNING * * *
There is an open door here.
You don't know that spell.
Aim: a hobgoblin, wielding a club (heavily wounded)
The blast of sand misses the hobgoblin.
The hobgoblin hits you but does no damage.
You hit the hobgoblin but do no damage. The hobgoblin closely misses you.
The ball python bites you.
* * * LOW HITPOINT WARNING * * *
The ball python misses you.
You hit the hobgoblin but do no damage. The hobgoblin closely misses you.
The frilled lizard bites you.
* * * LOW HITPOINT WARNING * * *
The ball python closely misses you. The ball python misses you.
The hobgoblin hits you with a club.
You die...

▒▒▒▒▒
▒▒▒▒▒▒▒▒▒▒▒▒▒▒▒.8.▒ .
..............+.g.+ ..
▒▒▒▒▒▒▒.▒▒▒▒▒▒▒.Sl▒▒...
▒▒▒▒▒.▒ ▒......€▒
▒...▒.▒ ▒.......▒
▒.▒.▒.▒▒▒▒▒▒▒.......▒▒
▒.▒..)...lS.'.........
▒▒.▒▒▒.▒▒▒▒▒▒▒........▒
▒.......▒...........▒.▒


You could see a hobgoblin, a ball python and a frilled lizard.

Vanquished Creatures
  2 leopard geckos (D:1)
  2 bats (D:1)
  2 goblins (D:1)
  3 hobgoblins (D:1)
  3 kobolds (D:1)
12 creatures vanquished.

Notes
Turn   | Place    | Note
-------+----------+-------------------------------------------
     0 | D:1      | Jesseh the Gargoyle Earth Elementalist began the quest for the Orb.
     0 | D:1      | Reached XP level 1. HP: 10/10 MP: 3/3
   326 | D:1      | Reached XP level 2. HP: 15/15 MP: 3/5
   421 | D:1      | HP: 2/15 [ball python (2)]
   423 | D:1      | Slain by a hobgoblin

Action                   || total
-------------------------++-------
Melee: Dagger            ||    19
 Cast: Sandblast         ||    20
Armor: Robe              ||    13
Dodge: Dodged            ||    26

Vault maps used:
D:1:      lemuel_arrival_lava_pool, minmay_pentomino_u4

Table legend:
 A = Turns spent in this place as a percentage of turns spent in the entire game.
 B = Non-inter-level travel turns spent in this place as a percentage of non-inter-level travel turns spent in the entire game.
 C = Inter-level travel turns spent in this place as a percentage of turns spent in this place.
 D = Turns resting spent in this place as a percentage of non-inter-level travel turns spent in this place.
 E = Turns spent auto-exploring this place as a percentage of non-inter-level travel turns spent in this place.
 F = Non-inter-level travel turns spent in this place divided by the number of levels of this place that you've seen.
                   A       B       C       D       E      F
               +-------+-------+-------+-------+-------+----------------------
         Total | 100.0 | 100.0 |   0.0 |   0.9 |   2.3 | 214.0
       Dungeon | 100.0 | 100.0 |   0.0 |   0.9 |   2.3 | 214.0
               +-------+-------+-------+-------+-------+----------------------

Table legend:
 A = Kills in this place as a percentage of kills in entire the game.
 B = Kills by you in this place as a percentage of kills by you in the entire game.
 C = Kills by friends in this place as a percentage of kills by friends in the entire game.
 D = Other kills in this place as a percentage of other kills in the entire game.
 E = Experience gained in this place as a percentage of experience gained in the entire game.
 F = Experience gained in this place divided by the number of levels of this place that you have seen.
                   A       B       C       D       E      F
               +-------+-------+-------+-------+-------+----------------------
         Total | 100.0 | 100.0 |  -nan |  -nan | 100.0 |  25.0
       Dungeon | 100.0 | 100.0 |  -nan |  -nan | 100.0 |  25.0
               +-------+-------+-------+-------+-------+----------------------
